 Dungeon Crawl Stone Soup version 0.30-a0-341-g682706514a (webtiles) character file.

Game seed: 14923116039052627009

883 lunkers the Geomancer (level 8, 0/57 HPs)
             Began as a Meteoran Earth Elementalist on Nov 1, 2022.
             Was a Follower of the Shining One.
             Slain by a yak (13 damage)
             ... on level 7 of the Dungeon on Nov 2, 2022.
             The game lasted 00:06:41 (1476 turns).

lunkers the Geomancer (Meteoran Earth Elementalist) Turns: 1476, Time: 00:06:42

Health: 0/57       AC:  4    Str: 11    XL:     8   Next: 50%
Magic:  2/19       EV: 12    Int: 18    God:    the Shining One [*.....]
Gold:   144        SH:  0    Dex: 14    Spells: 14/20 levels left

rFire   . . .      SeeInvis .    s - +2 short sword (venom)
rCold   + + .      Faith    .    (no shield)
rNeg    . . .      Spirit   .    d - +1 robe {rC+}
rPois   .          Reflect  .    (no helmet)
rElec   .          Harm     .    (no cloak)
rCorr   .          Rampage  .    e - +0 pair of gloves
Will    +....                    (no boots)
Stlth   +.........               (no amulet)
HPRegen 0.29/turn                n - ring of flight
MPRegen 0.16/turn                p - ring of protection from cold

@: flying, glowing, studying Evocations
A: sense surroundings 1, otherworldly, glowing, explore regen
a: Renounce Religion, Divine Shield


You were on level 7 of the Dungeon.
You worshipped the Shining One.
The Shining One was aware of your devotion.
You visited 1 branch of the dungeon, and saw 7 of its levels.

You collected 144 gold pieces.

Inventory:

Hand Weapons
 k - a +0 war axe of flaming
 s - a +2 short sword of venom (weapon)
 w - a +1 great sword
Armour
 d - a +1 robe of cold resistance (worn)
 e - a +0 pair of gloves (worn)
Jewellery
 g - a ring of fire
 n - a ring of flight (left hand)
 p - a ring of protection from cold (right hand)
Wands
 t - a wand of roots (9)
Scrolls
 c - a scroll of butterflies {unknown}
 i - a scroll of immolation {unknown}
 j - a scroll of magic mapping {unknown}
 m - 2 scrolls of vulnerability
 o - a scroll of fear {unknown}
 q - 2 scrolls of poison {unknown}
 v - a scroll of amnesia {unknown}
Potions
 a - a potion of heal wounds
 b - 2 potions of magic
 f - a potion of lignification
 h - 2 potions of curing {unknown}
 l - a potion of mutation {unknown}
 r - a potion of ambrosia {unknown}
 u - a potion of might {unknown}


   Skills:
 - Level 2.4 Dodging
 - Level 1.4 Stealth
 + Level 6.9 Spellcasting
 - Level 4.0 Conjurations
 - Level 1.2 Transmutations
 + Level 8.1 Earth Magic


You had 14 spell levels left.
You knew the following spells:

 Your Spells              Type           Power      Damage    Failure   Level
a - Sandblast             Erth           70%        2d15      1%          1
b - Passwall              Tmut/Erth      19%        N/A       2%          2
c - Stone Arrow           Conj/Erth      56%        3d10      2%          3

Your spell library contained the following spells:

 Spells                   Type           Power      Damage    Failure   Level
 Petrify                  Tmut/Erth      23%        N/A       16%         4


Dungeon Overview and Level Annotations

Branches:
Dungeon (8/15) Zot: 2666
 Temple: D:4-7         Lair: D:8-11

Altars:
The Shining One


Innate Abilities, Weirdness & Mutations

You passively map a small area around you.
You are easily found by Zot.
You glow in the dark.
You regain HP and MP as you explore.


Message History

Aiming: Sandblast (safe; 1% risk of failure)
Press: ? - help, Q - select action, (/) - cycle Shift-Dir - straight line, f - orc
Aim: an orc, wielding a +0 dagger (84% to hit)
The blast of sand hits the orc!!
You kill the orc!
* * * LOW MAGIC WARNING * * *
The orc wizard gestures wildly while chanting.
The orc wizard flickers and vanishes!
Deactivating autopickup; reactivate with Ctrl-A.
Aiming: Sandblast (safe; 1% risk of failure)
Press: ? - help, Q - select action, (/) - cycle Shift-Dir - straight line The blast of sand hits something!
* * * LOW MAGIC WARNING * * *
An orc comes into view. It is wielding a +0 short sword.
You hear some strange, mumbled words.
A puff of flame appears from out of thin air!
The puff of flame hits you!
* * * LOW HITPOINT WARNING * * *
The orc shouts!
You hear a croak.
There is an escape hatch in the ceiling here.
A mysterious force pulls you upwards. The hatch slams shut behind you.
The bullfrog gives a loud, deep croak!
The yak bellows! x4
Reactivating autopickup.
The yak bellows!
Aiming: Sandblast (safe; 1% risk of failure)
Press: ? - help, Q - select action, (/) - cycle Shift-Dir - straight line, f - bullfrog
Aim: a bullfrog (80% to hit)
The blast of sand hits the bullfrog.
The bullfrog is moderately wounded.
* * * LOW MAGIC WARNING * * *
The yak gores you!
* * * LOW HITPOINT WARNING * * *
Aiming: Sandblast (safe; 1% risk of failure)
Press: ? - help, Q - select action, (/) - cycle Shift-Dir - straight line, f/p - bullfrog
Aim: a bullfrog (moderately wounded, haloed, 84% to hit)
The blast of sand hits the bullfrog!!
You kill the bullfrog!
* * * LOW MAGIC WARNING * * *
The yak gores you!
You die... , * * * * * * , , * * *, , #############.# * * .YYYYYY@†.....# ############### , , *

You could see 6 yaks.

Vanquished Creatures
  A water moccasin (D:4)
  An ice beast (D:8)
  2 black bears
  2 scorpions (D:4)
  A necrophage (D:4)
  A bullfrog (D:7)
  A wight (D:8)
  2 killer bees (D:8)
  A jelly (D:4)
  An orc priest (D:4)
  An iguana (D:4)
  5 adders
  A worm (D:3)
  2 dart slugs (D:4)
  6 orcs
  4 endoplasms
  5 giant cockroaches
  6 goblins
  5 hobgoblins
  5 kobolds
  3 quokkas
  6 ball pythons
  4 bats
  A frilled lizard (D:3)
  3 rats
70 creatures vanquished.

Notes
Turn   | Place    | Note
-------+----------+-------------------------------------------
     0 | D:1      | lunkers the Meteoran Earth Elementalist began the quest for
                  | the Orb.
     0 | D:1      | Reached XP level 1. HP: 14/14 MP: 5/5
    51 | D:1      | Reached XP level 2. HP: 20/20 MP: 1/6
    53 | D:1      | Reached skill level 4 in Earth Magic
    99 | D:1      | Found a faded altar of an unknown god.
   141 | D:1      | Reached XP level 3. HP: 26/26 MP: 6/8
   660 | D:3      | Found a glowing golden altar of the Shining One.
   687 | D:3      | Became a worshipper of the Shining One
   968 | D:3      | Reached skill level 5 in Earth Magic
   968 | D:3      | Reached XP level 4. HP: 33/33 MP: 7/10
  1127 | D:4      | Reached XP level 5. HP: 19/38 MP: 4/11
  1161 | D:4      | Reached skill level 6 in Earth Magic
  1167 | D:4      | Learned a level 2 spell: Passwall
  1171 | D:4      | Learned a level 3 spell: Stone Arrow
  1195 | D:4      | Noticed a black bear
  1196 | D:4      | Noticed a necrophage
  1198 | D:4      | Killed a black bear
  1199 | D:4      | Reached skill level 1 in Conjurations
  1199 | D:4      | Reached XP level 6. HP: 45/45 MP: 7/14
  1202 | D:4      | Reached skill level 5 in Spellcasting
  1224 | D:4      | Reached XP level 7. HP: 50/50 MP: 12/15
  1293 | D:4      | Reached skill level 7 in Earth Magic
  1319 | D:4      | Noticed a water moccasin
  1327 | D:4      | Killed a water moccasin
  1398 | D:5      | Entered Level 5 of the Dungeon
  1398 | D:5      | Reached * piety under the Shining One
  1442 | D:5      | You are sucked into a shaft and drop 3 floors!
  1453 | D:8      | Reached XP level 8. HP: 32/57 MP: 14/17
  1461 | D:8      | Reached skill level 8 in Earth Magic
  1474 | D:7      | Noticed a yak
  1474 | D:7      | Noticed a yak
  1474 | D:7      | Noticed a yak
  1474 | D:7      | Noticed a yak
  1474 | D:7      | Noticed a yak
  1474 | D:7      | Noticed a yak
  1476 | D:7      | Slain by a yak

Illustrated notes

Levels and vault maps discovered:
D:1:      scummos_arrival_simple_fountains, layout_rooms,
          shapermc_ecumenical_altar_notcrosses, minmay_tripent
D:2:      layout_basic
D:3:      layout_loops_ring, mainiacjoe_overflow_paths, chequers_avenue
D:4:      layout_basic, minmay_manual_mail
D:5:      layout_basic, temple_hall
D:7:      corexii_shack_village, layout_loops_ring, uniq_maggie
D:8:      layout_cave_pools, minitemple, gammafunk_ghost_wrathful_warriors,
          serial_shops, nicolae_shop_stone, minmay_guarded_unrand_variability,
          uniq_grum

Skill      XL: |  1  2  3  4  5  6  7  8 |
---------------+-------------------------+-----
Earth Magic    | 4 5 6 7 8 |  8.1
Spellcasting   | 3 4 5 6 |  6.9
Conjurations   | 1 2 3 4 |  4.0
Dodging        | |  2.4
Stealth        | |  1.4
Transmutations | |  1.2

Action                   |  1- 3 |  4- 6 |  7- 9 || total
-------------------------+-------+-------+-------++-------
 Cast: Sandblast         |    45 |    36 |    39 ||   120
       Stone Arrow       |       |       |     3 ||     3
  Use: Scroll            |     2 |       |     1 ||     3
Armor: Robe              |     6 |     9 |     8 ||    23
Dodge: Dodged            |    10 |     8 |    18 ||    36

Table legend: (Time is in decaauts)
 A = Elapsed time spent in this place.
 B = Non-inter-level travel time spent in this place.
 C = Inter-level travel time spent in this place.
 D = Time resting spent in this place.
 E = Time spent auto-exploring this place.
 F = Levels seen in this place.
 G = Mean time per level.
                   A        B        C        D        E       F      G
               +--------+--------+--------+--------+--------+-----+--------+
         Total |   1532 |   1460 |     72 |      0 |   1015 |   7 |  218.9 |
       Dungeon |   1532 |   1460 |     72 |      0 |   1015 |   7 |  218.9 |
               +--------+--------+--------+--------+--------+-----+--------+

Top non-repeatable levels by time:
     D:3: 554 daAuts
     D:4: 373 daAuts
     D:2: 342 daAuts
     D:1: 175 daAuts
     D:5: 46 daAuts
     D:8: 36 daAuts
     D:7: 2 daAuts
